 Dungeon Crawl Stone Soup version 0.32-a0-814-g0968bab (webtiles) character file.

Game seed: 8825144701595234742

52 ksj2083 the Shooter (level 4, -1/33 HPs)
             Began as a Formicid Hunter on Mar 21, 2024.
             Slain by a +3 dagger "Lifebane" {spect, Str+3} (8 damage)
             ... created by an orc
             ... on level 3 of the Dungeon.
             The game lasted 00:05:43 (2056 turns).

ksj2083 the Shooter (Formicid Hunter)               Turns: 2056, Time: 00:05:45

Health: -1/33      AC:  4    Str: 16    XL:     4   Next: 8%
Magic:  13/13      EV: 11    Int: 11    God:
Gold:   93         SH:  0    Dex: 19    Spells: 3/3 levels left

rFire   . . .        a - +0 shortbow
rCold   . . .        (no shield)
rNeg    . . .        c - +0 leather armour
rPois   +            (helmet unavailable)
rElec   .            q - +0 cloak
rCorr   .            (no gloves)
SInv    +            (no boots)
Will    .....        (no amulet)
Stlth   ++           k - ring of poison resistance
HPRegen 0.25/turn    m - ring of Gakakaohic {Wiz rPois MP+9 Int+3}
MPRegen 0.13/turn

%: wizardry (x1)
@: no status effects
A: permanent stasis, dig shafts and tunnels, antennae 3, four strong arms
a: Dig, Shaft Self, Convert to Beogh


You were on level 3 of the Dungeon.
You visited 1 branch of the dungeon, and saw 3 of its levels.

You collected 93 gold pieces.

Inventory:

Hand Weapons
 a - a +0 shortbow (weapon)
Armour
 c - a +0 leather armour (worn)
 q - a +0 cloak (worn)
Jewellery
 k - a ring of poison resistance (left hand)
 m - the ring of Gakakaohic (right hand) {Wiz rPois MP+9 Int+3}
   (You found it on level 2 of the Dungeon)

   [ring of wizardry]

   Wiz:       It improves your spell success rate.
   Int+3:     It affects your intelligence (+3).
   rPois:     It protects you from poison.
   MP+9:      It affects your magic capacity (+9).
Wands
 l - a wand of light (7)
Scrolls
 b - a scroll of butterflies
 d - a scroll of brand weapon {unknown}
 e - a scroll of noise {unknown}
 f - a scroll of teleportation {unknown}
 h - a scroll of immolation {unknown}
 i - a scroll of amnesia {unknown}
Potions
 g - 2 potions of invisibility {unknown}
 j - 3 potions of brilliance {unknown}
 n - 3 potions of ambrosia {unknown}
 o - 2 potions of heal wounds {unknown}
 p - a potion of lignification {unknown}


   Skills:
 - Level 2.1 Fighting
 * Level 5.4 Ranged Weapons
 - Level 1.7 Dodging
 - Level 1.2 Stealth


You had 3 spell levels left.
You didn't know any spells.
Your spell library contained the following spells:

 Spells                   Type           Power      Damage    Failure   Level
 Foxfire                  Conj/Fire      0%         2x1d4     17%         1
 Necrotise                Necr           0%         1d4       17%         1
 Vampiric Draining        Necr           0%         2d6       45%         3
 Martyr's Knell           Necr/Summ      0%         N/A       83%         4
 Curse of Agony           Necr           0%         N/A       99%         5
 Plasma Beam              Fire/Air       0%         2x1d10    100%        6
 Starburst                Conj/Fire      0%         6d3       100%        6


Dungeon Overview and Level Annotations

Branches:
Dungeon (3/15)

Altars:

Shops:
D:1 [


Innate Abilities, Weirdness & Mutations

You cannot be hasted, slowed, berserked, paralysed or teleported.
You can dig through walls and to a lower floor.
You have a pair of large antennae on your head. (SInv)
Your four strong arms can wield two-handed weapons with a shield.


Message History

The orc priest hits you but does no damage.
You shoot an arrow. The arrow hits the orc priest!
The orc priest is severely wounded.
The orc priest hits you with a +0 short sword.
The orc priest hits you but does no damage.
You shoot an arrow. The arrow hits the orc priest!
You kill the orc priest!
Your Ranged Weapons skill increases to level 5!
You have reached level 4!
You feel stronger.
You start resting.
HP restored.
You see here a +0 short sword.
There is a stone staircase leading down here.
You climb downwards.
You hear the sound of rushing water.
There is an entrance to a sewer on this level.
Hurry and find it before the portal rusts away!
You hear the slow rusting of a distant drain.
The adder bites you. The goblin hits you but does no damage.
The hobgoblin barely misses you.
The orc hits you with the +3 dagger "Lifebane".
The +3 dagger "Lifebane" {spect, Str+3} closely misses you.
The orc hits you with a +0 dagger. The adder bites you but does no damage.
The orc closely misses you. The goblin hits you but does no damage.
The hobgoblin hits you but does no damage.
The orc hits you but does no damage.
The +3 dagger "Lifebane" {spect, Str+3} hits you!
The orc priest threatens, "Beogh's wrath is as vast as their mercy.
Make your choice!" (press Y on the ability menu to convert to Beogh)
A +3 dagger "Lifebane" {spect, Str+3} comes into view.
There is a stone staircase leading up here.
You bow before the missionary of Beogh.
The adder bites you.
The hobgoblin hits you but does no damage.
The orc priest mumbles some strange prayers to Beogh against you.
Beogh smites you! The goblin barely misses you.
The orc hits you with the +3 dagger "Lifebane".
* * * LOW HITPOINT WARNING * * *
The +3 dagger "Lifebane" {spect, Str+3} hits you!
You die...

.........
#.l......
........#{
........#
.....).g####
.......o...
#...oSg###..#
#.o@g.....# #
#..(.##...#
#.###.#### #
#.!...#
#.....####
#....<$..#
#.....##.#
#.....#
........#


You could see a +3 dagger "Lifebane" {spect, Str+3}, an orc priest, an adder, 2
orcs, a hobgoblin, 2 goblins and a frilled lizard (wandering).

Vanquished Creatures
  An orc priest (D:2)
  2 ribbon worms (D:2)
  2 endoplasms
  A giant cockroach (D:2)
  A hobgoblin (D:1)
  2 jackals (D:1)
  2 ball pythons
  A bat (D:1)
  3 kobolds
  4 rats
19 creatures vanquished.

Notes
Turn   | Place    | Note
-------+----------+-------------------------------------------
     0 | D:1      | ksj2083 the Formicid Hunter began the quest for the Orb.
     0 | D:1      | Reached XP level 1. HP: 16/16 MP: 1/1
   413 | D:1      | Reached XP level 2. HP: 22/22 MP: 2/2
   745 | D:1      | Found Ocwakk's Antique Armour Boutique.
  1403 | D:2      | Identified the ring of Gakakaohic {Wiz rPois MP+9 Int+3}
  1610 | D:2      | Found a faded altar of an unknown god.
  1635 | D:2      | Reached XP level 3. HP: 27/27 MP: 3/3
  2015 | D:3      | Identified the +3 dagger "Lifebane" {spect, Str+3}
  2021 | D:2      | Reached skill level 5 in Ranged Weapons
  2021 | D:2      | Reached XP level 4. HP: 25/33 MP: 4/4
  2056 | D:3      | Slain by a +3 dagger "Lifebane" {spect, Str+3}

Illustrated notes

Levels and vault maps discovered:
D:1:      dpeg_arrival_line_fractal, layout_basic, serial_shops, shop
D:2:      layout_loops_ring, nicolae_ecumenical_lake_church, grunt_ministairs_13
D:3:      layout_basic, lightli_sewer_entry_pipes, uniq_crazy_yiuf_cottage

Skill      XL: |  1  2  3 |
---------------+----------+-----
Ranged Weapons | 5 |  5.4
Fighting       | |  2.1
Dodging        | |  1.7
Stealth        | |  1.2

Action                     |  1- 3 |  4- 6 || total
---------------------------+-------+-------++-------
   Fire: Shortbow          |    63 |       ||    63
 Armour: Leather armour    |    14 |    13 ||    27
  Dodge: Dodged            |     7 |     4 ||    11

Table legend: (Time is in decaauts)
 A = Elapsed time spent in this place.
 B = Non-inter-level travel time spent in this place.
 C = Inter-level travel time spent in this place.
 D = Time resting spent in this place.
 E = Time spent auto-exploring this place.
 F = Levels seen in this place.
 G = Mean time per level.
                   A        B        C        D        E       F      G
               +--------+--------+--------+--------+--------+-----+--------+
         Total |   2069 |   1993 |     76 |     43 |   1784 |   3 |  689.7 |
       Dungeon |   2069 |   1993 |     76 |     43 |   1784 |   3 |  689.7 |
               +--------+--------+--------+--------+--------+-----+--------+

Top non-repeatable levels by time:
     D:1: 1121 daAuts
     D:2: 942 daAuts
     D:3: 5 daAuts
